 Dungeon Crawl Stone Soup version 0.29.1-15-g9cfb28693d (webtiles) character file.

Game seed: 809772330294507243

4 Ayazi56 the Ducker (level 1, 0/10 HPs)
             Began as a Felid Monk on Apr 14, 2023.
             Slain by a jackal (3 damage)
             ... on level 1 of the Dungeon.
             The game lasted 00:00:30 (43 turns).

Ayazi56 the Ducker (Felid Monk)                       Turns: 43, Time: 00:00:31

Health: 0/10       AC:  1    Str:  7    XL:     1   Next: 58%
Magic:  2/2        EV: 19    Int: 11    God:
Gold:   0          SH:  0    Dex: 18    Spells: 0/0 levels left
                                        Lives:  0   Deaths: 0

rFire   . . .      SeeInvis +     - Unarmed
rCold   . . .      Faith    .   (shield unavailable)
rNeg    . . .      Spirit   .   (body armour unavailable)
rPois   .          Reflect  .   (helmet unavailable)
rElec   .          Harm     .   (cloak unavailable)
rCorr   .          Rampage  .   (gloves unavailable)
Will    .....                   (boots unavailable)
Stlth   ++........              (no amulet)
HPRegen 0.03/turn               (no ring)
MPRegen 0.08/turn               (no ring)

@: quick
A: very small, claws 1, fangs 3, see invisible, speed 1, shaggy fur 1, stealthy
paws, no weapons or thrown items, no armour, multi-lived
a: no special abilities


You were on level 1 of the Dungeon.
You visited 1 branch of the dungeon, and saw 1 of its levels.

Inventory:

Potions
 a - a potion of ambrosia


   Skills:
 + Level 3.1 Fighting
 + Level 4.2 Dodging
 + Level 2.7 Stealth
 + Level 3.1 Unarmed Combat


You couldn't memorise any spells.
You didn't know any spells.
Your spell library was empty.

Dungeon Overview and Level Annotations

Branches:
Dungeon (1/15)

Altars:

Shops:
D:1 =


Innate Abilities, Weirdness & Mutations

You have sharp claws.
You have razor-sharp teeth.
You have supernaturally acute eyesight. (SInv)
You cover ground quickly. (Speed+)
You are covered in fur. (AC +1)
Your paws help you pounce on unaware monsters.
You are incapable of wielding weapons or throwing items.
You cannot wear armour.
You gain extra lives every three experience levels.


Message History

A jackal comes into view.
Found a stone staircase leading down. 2 jackals come into view.
The dart slug launches a dart at you. The slug dart misses you.
You closely miss the rat. The rat bites you.
You closely miss the rat.
The jackal barks!
The rat barely misses you. The dart slug misses you.
You closely miss the rat. The rat misses you.
The jackal barks!
You scratch the rat.
You kill the rat!
The dart slug closely misses you.
You barely miss the dart slug.
A giant cockroach comes into view.
The dart slug bites you.
You scratch the dart slug.
The dart slug is moderately wounded.
The jackal closely misses you.
You scratch the dart slug.
The dart slug is severely wounded.
The jackal closely misses you. The dart slug launches a dart at you.
The slug dart hits you.
* * * LOW HITPOINT WARNING * * *
You scratch the dart slug.
You kill the dart slug!
The endoplasm misses you. The jackal closely misses you.
You scratch the jackal.
The jackal is lightly wounded.
The jackal barely misses you. The jackal misses you. x2
The endoplasm misses you.
You scratch the jackal but do no damage.
The jackal closely misses you. x2
You scratch the jackal.
The jackal is heavily wounded.
The jackal completely misses you. x2; The jackal barely misses you.
The jackal bites you.
You die...

.#.##.# #..∩..#
.....#.#####.....#
##
....#...†.#...##
.###.#####.####
#.#####.#
#.......#
#######.## ##.#h##
#..h@J#
#h....#.#hh......
#.#.##...BP......
.. ....#..♣♣♣PP.
## .###...P. ♣. #
#....♣. #.#.P.♣♣
#>#..PP


You could see an endoplasm, 4 jackals and a giant cockroach.

Vanquished Creatures
  A dart slug (D:1)
  A ball python (D:1)
  A rat (D:1)
3 creatures vanquished.

Notes
Turn   | Place    | Note
-------+----------+-------------------------------------------
     0 | D:1      | Ayazi56 the Felid Monk began the quest for the Orb.
     0 | D:1      | Reached XP level 1. HP: 10/10 MP: 2/2
    15 | D:1      | Found Anoater's One-of-a-Kind Rings.
    43 | D:1      | Slain by a jackal

Illustrated notes

Levels and vault maps discovered:
D:1:      scummos_arrival_simple_fountains, layout_loops_ring,
          dreamdust_ecumenical_altar_grove, serial_shops, shop,
          minmay_liquid_box, nicolae_shop_unique_rings

Action                   || total
-------------------------++-------
Melee: Unarmed           ||    12
 Stab: Sleeping          ||     1
Dodge: Dodged            ||    19
